 Dungeon Crawl Stone Soup version 0.27.1 (webtiles) character file.

Game seed: 17379467729490721850

2 chaosape the Grave Robber (level 1, 0/13 HPs)
             Began as a Gnoll Wanderer on Sept 4, 2021.
             Slain by a kobold (1 damage)
             ... on level 1 of the Dungeon.
             The game lasted 00:00:34 (189 turns).

chaosape the Grave Robber (Gnoll Wanderer)           Turns: 189, Time: 00:00:35

Health: 0/13       AC:  2    Str: 12    XL:     1   Next: 30%
Magic:  4/4        EV: 11    Int: 11    God:
Gold:   0          SH:  0    Dex: 10    Spells: 5/5 levels left

rFire    . . .     SeeInvis .   a - +0 club
rCold    . . .     Faith    .   (no shield)
rNeg     . . .     Spirit   .   b - +0 robe
rPois    .         Reflect  .   (no helmet)
rElec    .         Harm     .   (no cloak)
rCorr    .         Rampage  .   (no gloves)
Will     .....                  (no boots)
Stlth    ++........             (no amulet)
HPRegen  0.04/turn              (no ring)
MPRegen  0.09/turn              (no ring)

@: no status effects
A: fangs 1, strong nose, distributed training
a: no special abilities


You were on level 1 of the Dungeon.
You visited 1 branch of the dungeon, and saw 1 of its levels.

Inventory:

Hand Weapons
 a - a +0 club (weapon)
Armour
 b - a +0 robe (worn)
Potions
 c - a potion of lignification


   Skills:
 + Level 0.0 Fighting
 + Level 0.0 Short Blades
 + Level 0.0 Long Blades
 + Level 0.0 Axes
 + Level 0.0 Maces & Flails
 + Level 0.0 Polearms
 + Level 0.0 Staves
 + Level 0.0 Slings
 + Level 0.0 Bows
 + Level 0.0 Crossbows
 + Level 0.0 Throwing
 + Level 0.0 Armour
 + Level 0.0 Dodging
 + Level 2.1 Stealth
 + Level 2.3 Shields
 + Level 0.0 Unarmed Combat
 + Level 2.6 Spellcasting
 + Level 1.9 Conjurations
 + Level 0.0 Hexes
 + Level 0.0 Summonings
 + Level 7.0 Necromancy
 + Level 0.0 Translocations
 + Level 0.0 Transmutations
 + Level 0.0 Fire Magic
 + Level 0.0 Ice Magic
 + Level 0.0 Air Magic
 + Level 3.6 Earth Magic
 + Level 0.0 Poison Magic
 + Level 0.1 Invocations
 + Level 0.0 Evocations


You had 5 spell levels left.
You didn't know any spells.
Your spell library contained the following spells:

 Spells                   Type           Power      Damage    Failure   Level
 Sandblast                Erth           18%        2d7       6%          1
 Foxfire                  Conj/Fire      12%        2x1d4     19%         1
 Passwall                 Tmut/Erth      4%         N/A       19%         2
 Stone Arrow              Conj/Erth      14%        3d7       26%         3
 Inner Flame              Hex/Fire       1%         N/A       63%         3
 Petrify                  Tmut/Erth      5%         N/A       77%         4


Dungeon Overview and Level Annotations

Branches:
Dungeon (1/15)

Altars:


Innate Abilities, Weirdness & Mutations

You have very sharp teeth.
Your uncanny sense of smell can sniff out nearby items.
Your experience applies equally to all skills.


Message History

You closely miss the rat. The rat closely misses you.
You barely miss the rat. The rat bites you.
You hit the rat but do no damage. The rat bites you but does no damage.
The rat bites you.
You hit the rat.
The rat is moderately wounded.
The rat closely misses you.
You barely miss the rat.
The rat is moderately wounded.
The rat barely misses you.
You hit the rat.
You kill the rat!
No target in view!
No target in view!
You start resting.
HP restored.
You see here a quokka corpse.
A quokka comes into view.
A kobold comes into view. It is wielding a +0 dagger.
The kobold shouts!
You hear a shout!
A hobgoblin comes into view.
The quokka bites you but does no damage.
You hit the quokka but do no damage. The quokka bites you. x2
The hobgoblin hits you.
You closely miss the quokka. The quokka completely misses you.
The hobgoblin closely misses you. The kobold hits you with a +0 dagger.
You are too injured to fight recklessly!
You are too injured to fight recklessly!
You are too injured to fight recklessly!
You are too injured to fight recklessly!
You are too injured to fight recklessly!
You are too injured to fight recklessly!
You are too injured to fight recklessly!
You are too injured to fight recklessly!
You are too injured to fight recklessly!
You hit the hobgoblin but do no damage. Your bite misses the hobgoblin.
The quokka bites you.
* * * LOW HITPOINT WARNING * * *
The hobgoblin completely misses you. The kobold hits you with a +0 dagger.
You die...

.# .. ###### ..
#....#### . #. #........
##.. #. #.....# .....
#.####.....# #.....
#...†....## #...#
#..#†....# ###r..#
###.#.....#####.@g#.###
^##'##...........K......
##...###..###...##..####
...>.#Z#.## #.### .##
##...###..#...# # Z##+##
#....... ## #.#......
#.#....... ∆ #.......###


You could see a quokka, a hobgoblin and a kobold.

Vanquished Creatures
  A quokka (D:1)
  A rat (D:1)
2 creatures vanquished.

Notes
Turn   | Place    | Note
-------+----------+-------------------------------------------
     0 | D:1      | chaosape the Gnoll Wanderer began the quest for the Orb.
     0 | D:1      | chaosape set off with the following items: a +0 club, a +0
                  | robe, a potion of lignification; and the following spells
                  | available to memorise: Sandblast, Foxfire, Passwall, Stone
                  | Arrow, Inner Flame, Petrify
     0 | D:1      | Reached XP level 1. HP: 13/13 MP: 4/4
   189 | D:1      | Slain by a kobold

Illustrated notes

Levels and vault maps discovered:
D:1:      shiori_arrival_whats_in_store_for_you, layout_rooms,
          shapermc_ecumenical_altar_mp_urbaneastern

Action                   || total
-------------------------++-------
Melee: Club              ||    19
Armor: Robe              ||     5
Dodge: Dodged            ||    20
